cohdb
Replays
Latest Replays
All Replays
Popular Replays
Top Player Replays
Match Explorer
How It Works
Community
CoH3 Stats
Reddit
Sign in to upload your games and track your stats! →
Sign in with Steam
Match 41386894
Unlisted
Match 41386894
Overview
Messages
Build Orders
End
Panzergrenadier Squad
250 Light Carrier
Panzergrenadier Squad
Construct Light Support Kompanie
MG34 Team
Selects Panzerjäger Kommand Battlegroup
Selects Mine Fields
Selects Tank Busters
Fire Support Elements
Assault Mechanized Group
Flakvierling Half-track
le.IG 18 Support Gun Team
Panzerjäger Mechanized Group
Selects Defensive Positions
Selects Butterfly Bomb Drop
Flakvierling Half-track
Selects Crew Shock Tactics
Butterfly Bomb Drop
Construct Panzerarmee Kommand
Walking Stuka Rocket Launcher
Butterfly Bomb Drop
Panzerjäger Mechanized Group
Butterfly Bomb Drop
Vehicle Survival Package
Butterfly Bomb Drop
カルト_くん
Lieutenant Guy
torbjornuser
KimJeongEn
0
0
Comments
sign in to comment!
No comments posted yet!